 Dungeon Crawl Stone Soup version 0.22.1-2-g9c5b331 (webtiles) character file.

14326 systemy the Severer (level 11, -5/101 HPs)
             Began as a Minotaur Berserker on Dec 28, 2018.
             Was a High Priest of Trog.
             Slain by an ice devil (18 damage)
             ... on level 11 of the Dungeon.
             The game lasted 00:33:22 (11450 turns).

systemy the Severer (Minotaur Berserker)           Turns: 11450, Time: 00:33:23

Health: -5/101     AC: 18    Str: 26    XL:     11   Next: 87%
Magic:  0/3        EV: 11    Int:  4    God:    Trog [*****.]
Gold:   684        SH:  0    Dex:  9    Spells: 10/10 levels left

rFire    . . .     SeeInvis .   l - +3 battleaxe (antimagic)
rCold    . . .     Gourm    .   (shield currently unavailable)
rNeg     + . .     Faith    .   A - +1 plate armour
rPois    .         Spirit   +   (helmet restricted)
rElec    .         Reflect  .   p - +1 cloak
rCorr    .         Harm     .   (no gloves)
MR       ++...                  (no boots)
Stlth    ..........             C - amulet of guardian spirit
HPRegen  1.26/turn              k - +1 ring of evasion
MPRegen  0.08/turn              F - ring of positive energy

@: berserk cooldown, regenerating, slowed, very slow
A: retaliatory headbutt, horns 2
a: Berserk, Trog's Hand, Brothers in Arms, Renounce Religion


You were on level 11 of the Dungeon.
You worshipped Trog.
Trog was extremely pleased with you.
You were not hungry.

You visited 1 branch of the dungeon, and saw 11 of its levels.
You also visited: Ossuary.

You collected 684 gold pieces.

Inventory:

Hand Weapons
 l - a +3 antimagic battleaxe (weapon)
 v - a -2 hand axe
 x - a +0 hand axe of electrocution
 I - a +0 short sword
Armour
 p - a +1 cloak (worn)
 t - a +0 ring mail
 A - a +1 plate armour (worn)
 E - a +0 pair of gloves
Jewellery
 k - a +1 ring of evasion (left hand)
 C - an amulet of guardian spirit (around neck)
 F - a ring of positive energy (right hand)
 G - an uncursed ring of fire {unknown}
Wands
 a - a wand of iceblast (12)
 b - a wand of disintegration (9)
 n - a wand of polymorph (6)
 u - a wand of paralysis (16)
Scrolls
 e - 2 scrolls of blinking
 f - a scroll of fear
 g - 12 scrolls of identify
 h - 6 scrolls of remove curse
 i - a scroll of magic mapping {unknown}
 j - 5 scrolls of immolation
 m - 5 scrolls of random uselessness
 q - 4 scrolls of teleportation
 w - a scroll of enchant weapon {unknown}
 y - a scroll of brand weapon
 D - a scroll of enchant armour
Potions
 d - 5 potions of curing
 o - 2 potions of brilliance
 r - a potion of might
 s - a potion of agility
 z - 4 potions of resistance
 B - a potion of flight
Miscellaneous
 H - a lamp of fire
Comestibles
 c - 17 rations


   Skills:
 * Level 10.4 Fighting
 * Level 15.7 Axes
 + Level 11.3 Armour
 + Level 6.6 Dodging
 - Level 1.0 Stealth


You had 10 spell levels left.
You didn't know any spells.
Your spell library was empty.

Dungeon Overview and Level Annotations

Branches:
Dungeon (11/15)            Temple (0/1) D:5            Lair (0/6) D:10
    Orc (0/2) D:10

Altars:
Cheibriados
Fedhas
Gozag
Kikubaaqudgha
Okawaru
Qazlal
Ru
Sif Muna
Uskayaw
Xom

Shops:
D:2 *   D:11 %

Annotations:
D:11 bmj180's ghost, journeyman MiMo


Innate Abilities, Weirdness & Mutations

You reflexively headbutt those who attack you in melee.
You have a pair of horns on your head.


Message History

Trog accepts your kill. The white imp misses you. The ice devil misses you.
You hit the ice devil but do no damage.
The ice devil is almost dead.
You closely miss the white imp.
You feel the effects of Trog's Hand fading.
The white imp hits you but does no damage.
The ice devil hits you but does no damage.
The white imp barely misses you. You furiously retaliate!
You headbutt the white imp!
You kill the white imp!
Trog accepts your kill. The ice devil hits you. The ice devil freezes you!!
* * * LOW HITPOINT WARNING * * *
You hit the ice devil.
The ice devil is almost dead.
The ice devil hits you.
* * * LOW HITPOINT WARNING * * *
The ice devil freezes you!!
You die...

#.# #..# 4... #....#.###.###
#.###..##Z5.. #....#.#......
#.#.....#555. #...'.#......
#.#.#...#5Y.= #...'........
#...#..##.#.. #...'..##.###
###.####.#.. ##...#..#
#...##.<.#.5# ##....#)##
#.#......#...###....##.# .#
###.#..##..##..4@...###..#..#
.......###..###...###......#
......## ##...#####...#....#
......# ###............(.#
####### #####....#.....#
#######....# #....# #....#
#....#


You could see an ice devil and a white imp.

Vanquished Creatures
  A two-headed ogre (D:11)
  The ghost of troglodite the Spear-Bearer, a novice DsBe of Trog (D:9)
  An unseen horror (D:10)
  Pikel (D:5)
  An ugly thing (D:11)
  A manticore (D:11)
  The ghost of Frank the Slasher, a novice OpFi (D:5)
  A komodo dragon (D:10)
  2 kobold demonologists (D:9)
  5 trolls
  A queen bee (D:9)
  Prince Ribbit (D:7)
  Grinder (D:3)
  A hippogriff (D:11)
  A vampire (D:9)
  Sigmund (D:2)
  2 basilisks (D:10)
  A centaur simulacrum (D:11)
  A shadow (D:11)
  A wyvern (D:8)
  A steam dragon (D:10)
  A human (D:10)
  A hungry ghost (D:8)
  Menkaure (D:6)
  A warg (D:10)
  Duvessa (D:7)
  A sky beast (D:8)
  2 phantoms
  2 slaves (D:5)
  4 ogres
  3 orc warriors (D:10)
  5 ice beasts
  6 centaurs
  3 crocodiles
  11 big kobolds
  6 bullfrogs
  Dowan (D:7)
  4 scorpions
  23 killer bees
  A howler monkey (D:4)
  5 wights (D:8)
  4 crimson imps
  A centaur zombie (D:5)
  2 jellies
  7 orc wizards
  5 hounds
  9 orc priests
  Crazy Yiuf (D:2)
  4 centaur skeletons
  Ijyb (D:5)
  3 iguanas
  5 worker ants
  3 big kobold zombies (Ossuary)
  A hound skeleton (D:6)
  3 mummies (Ossuary)
  Robin (D:3)
  3 gnolls (D:3)
  11 adders
  A shadow imp (D:7)
  3 white imps (D:11)
  6 oozes
  An adder skeleton (D:5)
  3 worms (D:3)
  3 dart slugs
  5 leopard geckos
  52 orcs
  2 bats
  6 giant cockroaches
  15 goblins
  10 hobgoblins
  7 jackals
  8 quokkas
  3 ball pythons
  A ball python skeleton (D:5)
  A ball python zombie (D:5)
  19 frilled lizards
  2 goblin zombies
  A hobgoblin zombie (Ossuary)
  A jackal skeleton (D:4)
  23 kobolds
  3 kobold zombies (Ossuary)
  A quokka skeleton (D:7)
  11 rats
  A rat zombie (D:5)
  A fungus (D:2)
363 creatures vanquished.

Vanquished Creatures (others)
  Eustachio (D:5)
  2 fungi (D:5)
  2 plants (D:5)
5 creatures vanquished.

Grand Total: 368 creatures vanquished

Notes
Turn   | Place    | Note
-------+----------+-------------------------------------------
     0 | D:1      | systemy the Minotaur Berserker began the quest for the Orb.
     0 | D:1      | Reached XP level 1. HP: 19/19 MP: 0/0
   219 | D:1      | Reached skill level 4 in Axes
   221 | D:1      | Reached XP level 2. HP: 21/27 MP: 1/1
   501 | D:1      | Reached XP level 3. HP: 24/33 MP: 2/2
   501 | D:1      | Reached ** piety under Trog
   879 | D:2      | Found a snail-covered altar of Cheibriados.
  1075 | D:2      | Reached XP level 4. HP: 29/41 MP: 3/3
  1102 | D:2      | Noticed Sigmund
  1103 | D:2      | Found Gozag's Platinum Reserve.
  1113 | D:2      | Found an opulent altar of Gozag.
  1116 | D:2      | Killed Sigmund
  1116 | D:2      | Reached skill level 5 in Fighting
  1116 | D:2      | Reached skill level 5 in Axes
  1116 | D:2      | Reached skill level 1 in Stealth
  1116 | D:2      | Reached XP level 5. HP: 19/48 MP: 4/4
  1299 | D:2      | Reached skill level 6 in Axes
  1621 | D:2      | Found a runed door.
  1625 | D:2      | Noticed Crazy Yiuf
  1631 | D:2      | Killed Crazy Yiuf
  1631 | D:2      | Reached XP level 6. HP: 26/56 MP: 5/5
  2193 | D:3      | Noticed Grinder
  2204 | D:3      | Killed Grinder
  2204 | D:3      | Reached skill level 7 in Axes
  2429 | D:3      | Reached XP level 7. HP: 58/61 MP: 6/6
  2485 | D:3      | Reached *** piety under Trog
  2626 | D:3      | Found a sacrificial altar of Ru.
  2687 | D:3      | Noticed Robin
  2699 | D:3      | Killed Robin
  2988 | D:3      | Found a shimmering altar of Xom.
  3792 | D:4      | Reached skill level 8 in Axes
  3812 | D:4      | Reached **** piety under Trog
  4245 | D:5      | Entered Level 5 of the Dungeon
  4249 | D:5      | Found a runed gate.
  4250 | D:5      | Noticed Frank's ghost (novice OpFi)
  4268 | D:5      | Noticed Pikel
  4285 | D:5      | Killed Pikel
  4285 | D:5      | Reached skill level 9 in Axes
  4285 | D:5      | Reached XP level 8. HP: 71/71 MP: 7/7
  4305 | D:5      | Found a sand-covered staircase.
  4313 | Ossuary  | Entered an ossuary
  4521 | Ossuary  | Reached skill level 10 in Axes
  4711 | D:5      | Killed Eustachio
  4729 | D:5      | Reached skill level 5 in Armour
  4986 | D:5      | Noticed Ijyb
  4998 | D:5      | Killed Ijyb
  5049 | D:5      | Found a staircase to the Ecumenical Temple.
  5049 | D:5      | Found a runed gate.
  5058 | D:5      | Found a runed gate.
  5313 | D:5      | Found a deep blue altar of Sif Muna.
  5313 | D:5      | Found a stormy altar of Qazlal.
  5314 | D:5      | Found a blossoming altar of Fedhas.
  5432 | D:5      | Killed Frank's ghost
  5432 | D:5      | Reached skill level 11 in Axes
  5432 | D:5      | Reached skill level 5 in Dodging
  5432 | D:5      | Reached XP level 9. HP: 26/79 MP: 8/8
  5813 | D:6      | Found an iron altar of Okawaru.
  6027 | D:6      | Noticed Menkaure
  6037 | D:6      | Killed Menkaure
  6312 | D:7      | Noticed Duvessa
  6312 | D:7      | Noticed Dowan
  6320 | D:7      | Killed Duvessa
  6321 | D:7      | Killed Dowan
  6475 | D:7      | Noticed Prince Ribbit
  6485 | D:7      | Killed Prince Ribbit
  6485 | D:7      | Reached skill level 12 in Axes
  6540 | D:7      | Noticed a troll
  6551 | D:7      | Killed a troll
  6616 | D:7      | You fall through a shaft for 2 floors!
  6635 | D:9      | Noticed a troll
  6648 | D:9      | Killed a troll
  6824 | D:9      | Noticed a troll
  6839 | D:9      | Killed a troll
  6839 | D:9      | Reached XP level 10. HP: 55/88 MP: 5/9
  7254 | D:8      | Reached ***** piety under Trog
  7339 | D:8      | Reached skill level 13 in Axes
  7564 | D:8      | Found an iron altar of Okawaru.
  7564 | D:8      | Found an ancient bone altar of Kikubaaqudgha.
  7620 | D:8      | Found a hide-covered altar of Uskayaw.
  8219 | D:9      | Received a gift from Trog
  8254 | D:9      | Reached skill level 14 in Axes
  8693 | D:9      | Found a runed gate.
  8695 | D:9      | Found a runed gate.
  8695 | D:9      | Found a runed gate.
  8696 | D:9      | Noticed troglodite's ghost (novice DsBe)
  8718 | D:9      | Noticed a rust devil
  8723 | D:9      | Noticed an orange demon
  8730 | D:9      | Killed troglodite's ghost
  8730 | D:9      | Reached skill level 10 in Armour
  8730 | D:9      | Reached XP level 11. HP: 28/95 MP: 4/10
  9289 | D:10     | Entered Level 10 of the Dungeon
  9309 | D:10     | Received a gift from Trog
  9742 | D:10     | Found a staircase to the Orcish Mines.
  9942 | D:10     | Killed an unseen horror
 10285 | D:10     | Reached skill level 15 in Axes
 10746 | D:10     | Found a staircase to the Lair.
 10874 | D:11     | Noticed a cyan ugly thing
 10884 | D:11     | Killed a cyan ugly thing
 10884 | D:11     | Reached skill level 10 in Fighting
 10934 | D:11     | Noticed a two-headed ogre
 10944 | D:11     | Killed a two-headed ogre
 11359 | D:11     | Found Ovism's Food Emporium.
 11375 | D:11     | Noticed bmj180's ghost (journeyman MiMo)
 11409 | D:11     | Found a runed gate.
 11409 | D:11     | Found a runed gate.
 11409 | D:11     | Found a runed gate.
 11450 | D:11     | Slain by an ice devil

Skill      XL: |  1  2  3  4  5  6  7  8  9 10 11 |
---------------+----------------------------------+-----
Axes           | 4 5 6 7 9 11 12 14 15 | 15.7
Fighting       | 4 5 6 7 8 10 | 10.4
Dodging        | 3 4 5 6 |  6.6
Stealth        | 1 |  1.0
Armour         | 3 4 6 7 10 11 | 11.3

Action                   |  1- 3 |  4- 6 |  7- 9 | 10-12 || total
-------------------------+-------+-------+-------+-------++-------
Melee: Hand axe          |    85 |    73 |   358 |   259 ||   775
       Headbutt          |     9 |    15 |    55 |    66 ||   145
       Battleaxe         |       |       |       |   155 ||   155
Invok: Berserk           |       |     2 |     4 |     7 ||    13
       Trog's Hand       |       |       |     1 |     3 ||     4
  Use: Potion            |       |       |    10 |     2 ||    12
       Scroll            |       |       |     9 |     4 ||    13
 Stab: Sleeping          |     1 |     2 |       |       ||     3
  Eat: Chunk             |       |     6 |    12 |    15 ||    33
       Ration            |       |       |     2 |     3 ||     5
Armor: Animal skin       |     6 |     5 |    12 |       ||    23
       Ring mail         |       |       |    68 |       ||    68
       Plate armour      |       |       |     6 |   249 ||   255
Dodge: Dodged            |    46 |    55 |   194 |   251 ||   546
